 Dungeon Crawl Stone Soup version 0.25-a0-565-g8875c97ebb (webtiles) character file.

Game seed: 1137723940056386663, levelgen mode: classic

42068 EnegeticOcto the Pandemonic (level 13, 0/127 HPs)
             Began as a Deep Dwarf Fighter on Feb 26, 2020.
             Was a High Priest of Makhleb.
             Killed from afar by a green death (17 damage)
             ... with a poison arrow
             ... on level 4 of the Swamp.
             The game lasted 00:10:28 (11606 turns).

EnegeticOcto the Pandemonic (Deep Dwarf Fighter)   Turns: 11606, Time: 00:10:29

Health: 0/127      AC: 13    Str: 25    XL:     13   Next: 83%
Magic:  2/2        EV: 12    Int: 14    God:    Makhleb [*****.]
Gold:   586        SH: 12    Dex: 12    Spells: 12/12 levels left

rFire    + . .     SeeInvis .   a - +7 broad axe "Z" {freeze, rF+ rN+ Int+2}
rCold    . . .     Gourm    .   c - +0 kite shield
rNeg     + . .     Faith    .   x - +0 chain mail
rPois    +         Spirit   .   (no helmet)
rElec    .         Reflect  .   (no cloak)
rCorr    .         Harm     .   u - +0 pair of gloves
MR       ++++.                  (no boots)
Stlth    ..........             (no amulet)
HPRegen  0.00/turn              g - ring of the Mage {Wiz MR++ Int+3}
MPRegen  0.08/turn              y - ring of poison resistance

@: lethally poisoned (0 -> 0), very slightly contaminated, non-regenerating
A: damage resistance, heal wounds, talons 1, blink, magic resistance 1, sense
surroundings 2, no regeneration
a: Heal Wounds, Blink, Minor Destruction, Lesser Servant of Makhleb, Major
Destruction, Greater Servant of Makhleb, Renounce Religion


You were on level 4 of the Swamp.
You worshipped Makhleb.
Makhleb was extremely pleased with you.
You were not hungry.

You visited 4 branches of the dungeon, and saw 20 of its levels.

You collected 1079 gold pieces.
You spent 493 gold pieces at shops.

Inventory:

Hand Weapons
 a - the +7 broad axe "Z" (weapon) {freeze, rF+ rN+ Int+2}
   (You bought it in a shop on level 5 of the Dungeon)

   It has been specially enchanted to freeze those struck by it, causing extra
   injury to most foes and up to half again as much damage against particularly
   susceptible opponents.
   It can also slow down cold-blooded creatures.
   It affects your intelligence (+2).
   It protects you from fire.
   It protects you from negative energy.
Missiles
 o - 2 throwing nets (quivered)
Armour
 c - a +0 kite shield (worn)
 u - a +0 pair of gloves (worn)
 x - a +0 chain mail (worn)
Jewellery
 g - the ring of the Mage (left hand) {Wiz MR++ Int+3}
   (You took it off a centaur warrior on level 12 of the Dungeon)

   [ring of wizardry]

   It improves your spell success rate.
   It affects your intelligence (+3).
   It affects your resistance to hostile enchantments.
 y - a ring of poison resistance (right hand)
Wands
 A - a wand of scattershot (3)
 E - a wand of iceblast (31)
 L - a wand of flame (11)
Scrolls
 f - 4 scrolls of immolation {@r4}
 l - 4 scrolls of fog
 r - 4 scrolls of fear
 s - 8 scrolls of teleportation {@r2}
 t - a scroll of vulnerability
 v - a scroll of brand weapon
 C - 2 scrolls of magic mapping {@r5}
 D - a scroll of enchant armour
 G - a scroll of remove curse {@r6}
 H - 3 scrolls of enchant weapon
 J - a scroll of silence
Potions
 d - a potion of flight
 h - 2 potions of berserk rage
 i - 8 potions of curing {@q1}
 j - 2 potions of stabbing {@q5}
 k - 3 potions of might {@q3}
 m - 2 potions of resistance {@q6}
 n - 2 potions of haste {@q4}
 p - 2 potions of brilliance
 q - a potion of ambrosia
 w - 2 potions of magic
 z - 6 potions of mutation
 B - 6 potions of heal wounds {@q2}
 I - 2 potions of lignification {@q7}
Miscellaneous
 b - a phantom mirror
Comestibles
 e - 31 rations
 F - 2 chunks of flesh


   Skills:
 * Level 11.2 Fighting
 * Level 12.8 Axes
 + Level 9.8 Armour
 - Level 9.0 Dodging
 + Level 9.8 Shields
 * Level 13.2 Invocations


You had 12 spell levels left.
You didn't know any spells.
Your spell library was empty.

Dungeon Overview and Level Annotations

Branches:
Dungeon (12/15)            Temple (1/1) D:5            Lair (3/6) D:11
  Swamp (4/4) Lair:2        Snake (0/4) Lair:3          Orc (0/2) D:12

Altars:
Ashenzari
Cheibriados
Dithmenos
Elyvilon
Fedhas
Gozag
Hepliaklqana
Kikubaaqudgha
Makhleb
Nemelex Xobeh
Okawaru
Qazlal
Ru
Sif Muna
Trog
Uskayaw
Vehumet
Wu Jian
Xom
Yredelemnul
Zin

Shops:
D:4 ?   D:5 :*((   D:9 :!((}

Portals:
Abyss: D:6

Annotations:
D:6 2 transporters, Lugonue's ghost, novice FeVM
D:7 Prince Ribbit
D:10 2 runed translucent doors
Swamp:2 1 runed translucent door
Swamp:3 Roxanne
Swamp:4 Lernaean hydra


Innate Abilities, Weirdness & Mutations

You are resistant to damage.
You can heal yourself by infusing magical energy.
You passively map the area around you.
You do not regenerate.
You have sharp toenails.
You can translocate small distances at will.
You are resistant to hostile enchantments. (MR+)


Message History

The 27-headed Lernaean hydra bites you but does no damage.
You slice the swamp dragon!! You freeze the swamp dragon.
You claw the swamp dragon, but do no damage.
The swamp dragon is heavily wounded.
You lop one of the 27-headed Lernaean hydra's heads off!
You slash the 26-headed Lernaean hydra!
You freeze the 26-headed Lernaean hydra.
You block the 26-headed Lernaean hydra's attack. x2
The 26-headed Lernaean hydra bites you but does no damage. x2
The 26-headed Lernaean hydra bites you!
The 26-headed Lernaean hydra closely misses you.
The 26-headed Lernaean hydra bites you but does no damage.
The 26-headed Lernaean hydra bites you. x2
The 26-headed Lernaean hydra bites you but does no damage. x2
The 26-headed Lernaean hydra bites you.
The 26-headed Lernaean hydra completely misses you.
The 26-headed Lernaean hydra bites you! The 26-headed Lernaean hydra bites you.
The 26-headed Lernaean hydra bites you but does no damage.
The 26-headed Lernaean hydra bites you.
The 26-headed Lernaean hydra bites you but does no damage.
The 26-headed Lernaean hydra bites you. x2
The 26-headed Lernaean hydra bites you but does no damage. x3
The 26-headed Lernaean hydra misses you.
The 26-headed Lernaean hydra barely misses you.
The 26-headed Lernaean hydra bites you but does no damage.
The swamp dragon barely misses you.
The swamp dragon claws you but does no damage.
You block the swamp dragon's attack.
You feel much better. The 26-headed Lernaean hydra bites you.
The 26-headed Lernaean hydra bites you but does no damage.
The 26-headed Lernaean hydra bites you!
The 26-headed Lernaean hydra bites you but does no damage.
You block the 26-headed Lernaean hydra's attack.
The 26-headed Lernaean hydra bites you but does no damage.
The 26-headed Lernaean hydra bites you!
You block the 26-headed Lernaean hydra's attack.
The 26-headed Lernaean hydra closely misses you.
The 26-headed Lernaean hydra completely misses you.
The 26-headed Lernaean hydra bites you! The 26-headed Lernaean hydra bites you.
You block the 26-headed Lernaean hydra's attack.
The 26-headed Lernaean hydra barely misses you.
The 26-headed Lernaean hydra bites you!
* * * LOW HITPOINT WARNING * * *
The 26-headed Lernaean hydra bites you but does no damage.
The 26-headed Lernaean hydra closely misses you.
The 26-headed Lernaean hydra bites you but does no damage. x2
The 26-headed Lernaean hydra bites you.
* * * LOW HITPOINT WARNING * * *
You block the 26-headed Lernaean hydra's attack.
The 26-headed Lernaean hydra bites you.
* * * LOW HITPOINT WARNING * * *
The 26-headed Lernaean hydra closely misses you.
You block the 26-headed Lernaean hydra's attack.
The 26-headed Lernaean hydra bites you but does no damage. x2
The swamp dragon barely misses you. The swamp dragon claws you.
* * * LOW HITPOINT WARNING * * *
You block the swamp dragon's attack.
You feel much better. The 26-headed Lernaean hydra bites you.
The 26-headed Lernaean hydra bites you but does no damage.
You block the 26-headed Lernaean hydra's attack.
The 26-headed Lernaean hydra bites you.
You block the 26-headed Lernaean hydra's attack.
The 26-headed Lernaean hydra bites you but does no damage.
You block the 26-headed Lernaean hydra's attack.
The 26-headed Lernaean hydra bites you!
* * * LOW HITPOINT WARNING * * *
The 26-headed Lernaean hydra bites you!
* * * LOW HITPOINT WARNING * * *
The 26-headed Lernaean hydra misses you.
The 26-headed Lernaean hydra bites you but does no damage.
You block the 26-headed Lernaean hydra's attack.
The 26-headed Lernaean hydra bites you!
* * * LOW HITPOINT WARNING * * *
The 26-headed Lernaean hydra bites you but does no damage.
The 26-headed Lernaean hydra bites you.
* * * LOW HITPOINT WARNING * * *
The 26-headed Lernaean hydra bites you but does no damage.
The 26-headed Lernaean hydra bites you.
* * * LOW HITPOINT WARNING * * *
The 26-headed Lernaean hydra barely misses you.
The 26-headed Lernaean hydra bites you but does no damage. x3
The 26-headed Lernaean hydra misses you.
The 26-headed Lernaean hydra bites you but does no damage.
You block the 26-headed Lernaean hydra's attack. x2
The 26-headed Lernaean hydra bites you. The swamp dragon bites you!
* * * LOW HITPOINT WARNING * * *
The swamp dragon misses you.
The swamp dragon tramples you but does no damage.
Blink to where?
Press: ? - help, Dir - move target cursor, p - 26-headed Lernaean hydra You are very lightly contaminated with residual magic.
As you read the scroll of blinking {@r3}, it crumbles to dust.
An orange demon, a green death and a bog body come into view.
The green death roars!
You hear a horrible gurgling sound!
You hear a chilling moan.
The green death gestures at you. The poison arrow hits you!!
You are poisoned.
You partially resist.
You die...

* ** ###* ,≈≈
, #≈≈ ≈ ≈ ♣≈.
≈ ≈ ≈ ♣♣≈# * ≈
≈ * *≈ ♣.≈#,,
* , * ♣≈≈##, ≈
≈ ≈ #≈4≈##≈2(#
,* ≈ *
#≈@≈≈≈≈.≈#≈ ≈≈
≈ ≈*
♣.#≈♣≈#≈#≈, ,
*≈ ≈ *♣≈≈#≈#
≈*, * ≈ ≈
,#≈≈≈≈≈≈ J≈ ,,
≈ ≈
#≈.≈##J≈≈≈♣X.
, * ≈
♣.≈≈#,#n≈#u≈#,
≈ ,* * , ♣≈≈≈#
,#≈u#.≈ , ≈,
≈≈#§D≈#
*2≈#≈≈# , ≈ ≈
≈≈ ≈
#D.≈###≈≈.#≈≈*
≈


You could see a brown very ugly thing, a green death, a slime creature, an
orange demon and a bog body.

Vanquished Creatures
  A centaur warrior (D:12)
  2 hydras
  A shambling mangrove (Swamp:4)
  5 alligators
  A two-headed ogre (D:9)
  A dancing weapon (D:12)
  A death yak (Lair:2)
  2 swamp dragons (Swamp:4)
  A phantasmal warrior (D:12)
  Pikel (D:4)
  An orc knight (D:12)
  2 ugly things
  2 cyclopes (D:12)
  Psyche (D:8)
  2 black mambas (Lair:2)
  An eye of devastation (shapeshifter) (D:12)
  An orange demon (Swamp:4)
  A rime drake (Lair:3)
  2 gargoyles
  3 komodo dragons
  6 spiny frogs
  3 trolls
  8 tyrant leeches
  3 hornets
  A dream sheep (Lair:2)
  7 blink frogs
  8 slime creatures
  2 hippogriffs
  6 bog bodies
  2 spriggans (Swamp:2)
  21 yaks
  A wraith (D:11)
  2 wyverns
  3 hogs (D:8)
  3 humans
  3 steam dragons
  2 hungry ghosts (D:12)
  13 vampire mosquitoes
  4 swamp worms
  An acid dragon (D:12)
  3 wargs (D:11)
  10 water moccasins
  5 porcupines
  5 orc warriors
  4 slaves (D:4)
  2 ice beasts
  2 sky beasts
  3 black bears
  8 ogres
  14 centaurs
  2 crocodiles (Lair:3)
  A big kobold (D:10)
  9 bullfrogs
  A water moccasin zombie (D:9)
  6 scorpions
  A water moccasin skeleton (D:10)
  3 troll zombies (D:12)
  5 killer bees (D:12)
  7 wights
  3 electric eels
  4 howler monkeys
  6 crimson imps
  A centaur zombie (D:8)
  A quasit (D:10)
  5 jellies
  6 hounds
  6 orc priests
  3 centaur skeletons
  20 orc wizards
  5 iguanas
  3 worker ants
  A killer bee zombie (D:4)
  5 ogre zombies (D:12)
  3 hound skeletons
  11 adders
  A howler monkey skeleton (D:4)
  3 gnolls (D:3)
  2 shadow imps
  2 oozes
  An adder zombie (D:6)
  3 adder skeletons
  A worm (D:3)
  3 dart slugs (D:1)
  11 leopard geckos
  45 orcs
  7 bats
  7 giant cockroaches
  3 goblins
  9 hobgoblins
  25 jackals
  8 quokkas
  3 ball pythons
  3 frilled lizards
  2 goblin zombies (D:12)
  A hobgoblin skeleton (D:12)
  4 hobgoblin zombies (D:12)
  14 kobolds
  A leopard gecko skeleton (D:5)
  4 orc skeletons (D:12)
  14 orc zombies (D:12)
  A rat (D:2)
  A fungus (Lair:2)
  2 plants
486 creatures vanquished.

Vanquished Creatures (collateral kills)
  An ettin (D:12)
  2 hydras
  A swamp dragon (Swamp:4)
  An orange demon (Swamp:4)
  A bog body (Swamp:4)
  A spriggan (Swamp:4)
  An insubstantial wisp (Swamp:4)
8 creatures vanquished.

Grand Total: 494 creatures vanquished

Notes
Turn   | Place    | Note
-------+----------+-------------------------------------------
     0 | D:1      | EnegeticOcto the Deep Dwarf Fighter began the quest for the
                  | Orb.
     0 | D:1      | Reached XP level 1. HP: 20/20 MP: 1/1
    42 | D:1      | Reached XP level 2. HP: 22/27 MP: 2/2
   411 | D:1      | Reached skill level 1 in Dodging
   449 | D:1      | Reached XP level 3. HP: 20/34 MP: 3/3
   775 | D:2      | Reached XP level 4. HP: 39/42 MP: 3/3
   848 | D:2      | Found a shattered altar of Ashenzari.
   848 | D:2      | Found a sparkling altar of Nemelex Xobeh.
   849 | D:2      | Found a bloodstained altar of Trog.
  1141 | D:3      | Found a faded altar of an unknown god.
  1182 | D:3      | Found a stormy altar of Qazlal.
  1318 | D:3      | Reached XP level 5. HP: 48/49 MP: 4/4
  1476 | D:4      | Noticed a slave
  1476 | D:4      | Noticed a slave
  1483 | D:4      | Noticed a slave
  1485 | D:4      | Noticed a slave
  1489 | D:4      | Killed a slave
  1491 | D:4      | Noticed Pikel
  1497 | D:4      | Killed a slave
  1502 | D:4      | Killed a slave
  1507 | D:4      | Noticed an ogre
  1517 | D:4      | Killed a slave
  1521 | D:4      | Killed Pikel
  1521 | D:4      | Reached skill level 5 in Axes
  1521 | D:4      | Reached XP level 6. HP: 58/58 MP: 3/3
  1521 | D:4      | Reached XP level 7. HP: 66/66 MP: 4/4
  1738 | D:4      | Reached skill level 5 in Fighting
  1785 | D:4      | Reached skill level 5 in Shields
  1810 | D:4      | Gained mutation: You are resistant to hostile enchantments.
                  | (MR+) [potion of mutation]
  1810 | D:4      | Gained mutation: You can translocate small distances at
                  | will. [potion of mutation]
  1810 | D:4      | Gained mutation: You have sharp toenails. [potion of
                  | mutation]
  1818 | D:4      | Reached skill level 5 in Armour
  1819 | D:4      | Reached XP level 8. HP: 48/74 MP: 5/5
  1842 | D:4      | Found a hazy altar of Hepliaklqana.
  2142 | D:4      | Found Wostreh's Magic Scroll Shoppe.
  2145 | D:4      | Bought a scroll of brand weapon for 200 gold pieces
  2247 | D:5      | Entered Level 5 of the Dungeon
  2269 | D:5      | Found Nyami's Book Boutique.
  2307 | D:5      | Found a staircase to the Ecumenical Temple.
  2317 | Temple   | Entered the Ecumenical Temple
  2350 | Temple   | Became a worshipper of Makhleb the Destroyer
  2387 | D:5      | Reached skill level 1 in Invocations
  2426 | D:5      | Found Qaerchem's Assorted Antiques.
  2433 | D:5      | Reached skill level 2 in Invocations
  2446 | D:5      | Bought a scroll labeled TUOT OPINAUDE for 25 gold pieces
  2446 | D:5      | Bought a scroll labeled ETURCH HEOTSU for 25 gold pieces
  2517 | D:5      | Reached * piety under Makhleb
  2692 | D:5      | Found a sacrificial altar of Ru.
  2819 | D:5      | Found Vovesato's Antique Weapon Shoppe.
  2943 | D:5      | Found Tippufoc's Antique Weapon Shoppe.
  2988 | D:6      | Reached skill level 3 in Invocations
  2994 | D:6      | Gained mutation: You passively map the area around you.
                  | [Deep Dwarf growth]
  2994 | D:6      | Reached XP level 9. HP: 53/82 MP: 7/7
  3356 | D:6      | Found a transporter.
  3363 | D:6      | Found a transporter.
  3364 | D:6      | Found a one-way gate to the infinite horrors of the Abyss.
  3364 | D:6      | Noticed Lugonue's ghost (novice FeVM)
  3410 | D:6      | Reached skill level 4 in Invocations
  3571 | D:7      | Reached ** piety under Makhleb
  3642 | D:7      | Noticed Prince Ribbit
  3724 | D:7      | Reached skill level 5 in Dodging
  3744 | D:7      | HP: 4/85 [orc warrior/cursed -2 scimitar (12)]
  3936 | D:7      | Reached skill level 5 in Invocations
  4206 | D:8      | Found a shadowy altar of Dithmenos.
  4363 | D:8      | Noticed Psyche
  4369 | D:8      | Killed Psyche
  4449 | D:8      | Found a shimmering blue altar of Sif Muna.
  4489 | D:8      | Reached skill level 6 in Invocations
  4489 | D:8      | Reached XP level 10. HP: 62/94 MP: 8/8
  4886 | D:8      | Reached *** piety under Makhleb
  5162 | D:9      | Reached skill level 7 in Invocations
  5185 | D:9      | Found Zymany's Book Shop.
  5236 | D:9      | Found Gistrela's Distillery.
  5264 | D:9      | Found Zilagh's Weapon Shop.
  5264 | D:9      | Noticed a two-headed ogre
  5272 | D:9      | Killed a two-headed ogre
  5613 | D:9      | Found Zeczegeust's Gadget Boutique.
  5691 | D:9      | Found Tuklick's Antique Weapon Shoppe.
  5718 | D:9      | Found an iron altar of Okawaru.
  5956 | D:9      | Reached skill level 8 in Invocations
  5973 | D:9      | Reached **** piety under Makhleb
  5980 | D:9      | Reached XP level 11. HP: 99/103 MP: 6/6
  6078 | D:10     | Entered Level 10 of the Dungeon
  6496 | D:10     | Found a runed translucent door.
  6668 | D:10     | Found a runed translucent door.
  6854 | D:11     | Found a staircase to the Lair.
  6870 | D:11     | Reached ***** piety under Makhleb
  7062 | D:11     | Reached skill level 9 in Invocations
  7200 | D:11     | Reached skill level 10 in Axes
  7452 | D:12     | Found an iron altar of Okawaru.
  7505 | D:12     | Found a staircase to the Orcish Mines.
  7924 | D:5      | Bought a faintly glowing broad axe for 243 gold pieces
  7924 | D:5      | Identified the +7 broad axe "Z" {freeze, rF+ rN+ Int+2}
                  | (You bought it in a shop on level 5 of the Dungeon)
  8272 | D:12     | Noticed a green ugly thing
  8280 | D:12     | Killed a green ugly thing
  8290 | D:12     | Noticed a centaur warrior
  8297 | D:12     | Killed a centaur warrior
  8297 | D:12     | Reached skill level 10 in Invocations
  8359 | D:12     | Noticed a four-headed hydra
  8372 | D:12     | Killed a seven-headed hydra
  8372 | D:12     | Reached XP level 12. HP: 80/114 MP: 8/8
  8381 | D:12     | Noticed an ettin
  8388 | D:12     | Killed an ettin
  8453 | D:12     | HP: 4/115 [phantasmal warrior (27)]
  8534 | D:12     | Noticed a seven-headed hydra
  8550 | D:12     | Killed a nine-headed hydra
  8631 | D:12     | Got a pitted turquoise ring
  8632 | D:12     | Identified the ring of Lahalur {rN+ Int+2 Dex+2} (You found
                  | it on level 12 of the Dungeon)
  8685 | Lair:1   | Entered Level 1 of the Lair of Beasts
  8700 | Lair:1   | Reached skill level 11 in Invocations
  9298 | Lair:2   | Reached skill level 10 in Fighting
  9408 | Lair:2   | Noticed a six-headed hydra
  9408 | Lair:2   | Noticed a death yak
  9418 | Lair:2   | Killed a ten-headed hydra
  9429 | Lair:2   | Killed a death yak
  9677 | Lair:2   | Found a staircase to the Swamp.
 10028 | Lair:3   | Found a blossoming altar of Fedhas.
 10084 | Lair:3   | Reached ****** piety under Makhleb
 10189 | Lair:3   | Found a staircase to the Snake Pit.
 10201 | Lair:3   | Reached XP level 13. HP: 123/124 MP: 5/5
 10221 | Lair:3   | Reached skill level 12 in Invocations
 10788 | Swamp:1  | Entered Level 1 of the Swamp
 10948 | Swamp:3  | Noticed Roxanne
 11170 | Swamp:2  | Found a runed translucent door.
 11238 | Swamp:2  | Paralysed by a hornet for 3 turns
 11313 | Swamp:4  | Entered Level 4 of the Swamp
 11492 | Swamp:4  | Reached skill level 13 in Invocations
 11565 | Swamp:4  | Noticed a cacodemon
 11568 | Swamp:4  | Noticed a green death
 11578 | Swamp:4  | Noticed a balrug
 11592 | Swamp:4  | Noticed the 27-headed Lernaean hydra
 11592 | Swamp:4  | Noticed a brown very ugly thing
 11606 | Swamp:4  | Noticed a green death
 11606 | Swamp:4  | Killed from afar by a green death

Levels and vault maps discovered:
D:1:      dpeg_arrival_prison, layout_loops_corners
D:2:      layout_basic, gammafunk_temple_overflow_claw, nrook_mini_backslash
D:3:      layout_rooms, nicolae_qazlal_general_emergency, marbit_many_paths,
          chequers_ecumenical_altar_twisty, chequers_serial_rivers_small_a,
          lexackson_kobold_supper
D:4:      layout_loops_ring, lemuel_coloured_pillars_altar, first_ration,
          serial_shops, shop, chequers_serial_rivers_marsh, uniq_pikel
D:5:      layout_cave_pools, nicolae_ru_great_annihilating_truth,
          minmay_temple_entry_statues_fountains, serial_shops, shop_fountains,
          kennysheep_mini, kennysheep_mini_moat, nicolae_shop_stone,
          kennysheep_generic_room_6
D:6:      layout_cave_pools, gammafunk_ghost_abyssal_escape,
          kennysheep_generic_room_4
D:7:      layout_basic, minmay_misc_feat_plants, uniq_prince_ribbit1
D:8:      layout_gridville, grunt_dithmenos_smoke, led_sif_pool,
          grunt_livestock, uniq_psyche
D:9:      layout_cave_pods, lemuel_crystal_altar, serial_shops, shop,
          kennysheep_little_box, shop, nicolae_shop_stone, shop
D:10:     cheibrodos_histonic, layout_loops_ring
D:11:     layout_basic, erik_lair_orcish_takeover
D:12:     minmay_chopped_fan, layout_basic, zombieorc2_lemuel, okawaru_humans
Temple:   chequers_temple_sunken
Lair:1:   layout_small_grid, grunt_megastairs_2, minmay_lair_oklob_chamber,
          serial_bayou_shore_a
Lair:2:   layout_gridlike, nicolae_swamp_entry_splash_gauntlet,
          hangedman_lair_generics_rect
Lair:3:   layout_small_grid, dummy_snake_entry, basic_altar,
          infiniplex_staircase_pool, serial_bayou_shore_b, serial_bayou_shore_b,
          serial_bayou_shore_b
Swamp:1:  layout_basic_swamp, nicolae_swamp_orc_logging_accident, swamp_pool1
Swamp:2:  gammafunk_mikee_crab_dinner, layout_falls_marsh,
          evilmike_swamp_ruin_rubble_2
Swamp:3:  gammafunk_its_a_trap, layout_basic_swamp, evilmike_swamp_ruin_wall,
          swamp_pool4, uniq_mara, uniq_jorgrun, uniq_roxanne
Swamp:4:  swamp_vile, layout_basic_swamp

Skill      XL: |  1  2  3  4  5  6  7  8  9 10 11 12 13 |
---------------+----------------------------------------+-----
Fighting       | 3 4 5 6 7 8 9 10 11 | 11.2
Dodging        | 1 3 4 5 6 7 8 9 |  9.0
Axes           | 3 5 7 8 9 10 11 12 | 12.8
Armour         | 4 5 6 7 8 9 |  9.8
Shields        | 4 5 6 7 8 9 |  9.8
Invocations    | 3 6 8 10 11 13 | 13.2

Action                   |  1- 3 |  4- 6 |  7- 9 | 10-12 | 13-15 || total
-------------------------+-------+-------+-------+-------+-------++-------
Melee: War axe           |    92 |   122 |   396 |   595 |       ||  1205
       Kick              |       |       |   101 |   261 |    77 ||   439
       Broad axe         |       |       |       |   251 |   263 ||   514
Invok: Lesser Servant of |       |       |       |     4 |     2 ||     6
       Greater Servant o |       |       |       |       |     4 ||     4
 Abil: Heal Wounds       |     1 |     7 |    16 |    45 |    36 ||   105
Evoke: Phantom mirror    |       |       |       |       |     1 ||     1
  Use: Potion            |       |       |     4 |       |     1 ||     5
       Scroll            |       |       |    10 |    17 |     1 ||    28
 Stab: Invisible         |       |       |     1 |       |       ||     1
       Paralysed         |       |       |     1 |       |       ||     1
  Eat: Chunk             |       |     2 |    11 |    18 |     2 ||    33
       Ration            |       |       |       |     3 |     1 ||     4
Armor: Scale mail        |    47 |    95 |   124 |       |       ||   266
       Chain mail        |       |       |    24 |   328 |   171 ||   523
Dodge: Dodged            |    26 |    66 |   159 |   329 |   168 ||   748
Block: Kite shield       |    65 |   118 |   253 |   510 |   229 ||  1175

Table legend:
 A = Non-vault XP
 B = Vault XP
 C = Vault XP percentage of total XP
 D = Non-vault monster count
 E = Vault monster count
 F = Vault count percentage of total count
                 A         B        C        D         E       F
            +---------+---------+-------+---------+---------+-------
      Total |   42296 |   17802 |  29.6 |     391 |      96 |  19.7
            +---------+---------+-------+---------+---------+-------
        D:1 |      46 |       2 |   4.2 |      22 |       1 |   4.3
        D:2 |      55 |       0 |   0.0 |      16 |       0 |   0.0
        D:3 |      96 |       7 |   6.8 |      23 |       5 |  17.9
        D:4 |     905 |     617 |  40.5 |      28 |       1 |   3.4
        D:5 |     836 |      19 |   2.2 |      28 |       4 |  12.5
        D:6 |     757 |     121 |  13.8 |      32 |       1 |   3.0
        D:7 |     892 |       0 |   0.0 |      17 |       0 |   0.0
        D:8 |    1424 |    1419 |  49.9 |      23 |       6 |  20.7
        D:9 |    4152 |       0 |   0.0 |      39 |       0 |   0.0
       D:10 |    2194 |       0 |   0.0 |      31 |       0 |   0.0
       D:11 |     501 |     615 |  55.1 |       4 |       8 |  66.7
       D:12 |    5666 |    7189 |  55.9 |      34 |      50 |  59.5
     Lair:1 |    1326 |       0 |   0.0 |       6 |       0 |   0.0
     Lair:2 |    2319 |    3752 |  61.8 |      10 |      11 |  52.4
     Lair:3 |    5711 |       0 |   0.0 |      27 |       0 |   0.0
    Swamp:1 |    3023 |       0 |   0.0 |       9 |       0 |   0.0
    Swamp:2 |    7317 |       0 |   0.0 |      21 |       0 |   0.0
    Swamp:3 |     955 |       0 |   0.0 |       4 |       0 |   0.0
    Swamp:4 |    4121 |    4061 |  49.6 |      17 |       9 |  34.6
            +---------+---------+-------+---------+---------+-------
